 Dungeon Crawl Stone Soup version 0.26-a0-651-gb41185065b (webtiles) character file.

Game seed: 2979844206965024228

(classic levelgen) 1017 EnegeticOcto the Cleaver (level 8, 51/68 HPs)
             Began as a Deep Dwarf Fighter on Oct 23, 2020.
             Quit the game on level 6 of the Dungeon.
             The game lasted 00:04:41 (899 turns).

EnegeticOcto the Cleaver (Deep Dwarf Fighter)        Turns: 899, Time: 00:04:41

Health: 51/68      AC: 11    Str: 20    XL:     8   Next: 1%
Magic:  7/7        EV:  3    Int: 11    God:
Gold:   142        SH:  9    Dex: 12    Spells: 7/7 levels left

rFire    . . .     SeeInvis .   a - +1 war axe
rCold    + . .     Faith    .   c - +0 kite shield
rNeg     . . .     Spirit   .   l - +0 plate armour
rPois    .         Reflect  .   (no helmet)
rElec    .         Harm     .   (no cloak)
rCorr    .         Rampage  .   (no gloves)
MR       +....                  (no boots)
Stlth    ..........             (no amulet)
HPRegen  0.00/turn              n - ring of protection from cold
MPRegen  0.10/turn              u - ring of flight (curse)

@: non-regenerating, studying Throwing
A: damage resistance, heal wounds, sense surroundings 1, no regeneration
a: Heal Wounds, Evoke Flight


You were on level 6 of the Dungeon.
You visited 1 branch of the dungeon, and saw 6 of its levels.

You collected 142 gold pieces.

Inventory:

Hand Weapons
 a - a +1 war axe (weapon)
Missiles
 j - 2 throwing nets (quivered)
Armour
 b - a +0 scale mail
 c - a +0 kite shield (worn)
 g - a +0 chain mail
 l - a +0 plate armour (worn)
Jewellery
 n - a ring of protection from cold (left hand)
 o - an uncursed ring of wizardry
 q - an uncursed ring of resist corrosion
 u - a cursed ring of flight (right hand)
Wands
 k - a wand of polymorph (11)
 p - a wand of acid (2) {@v1}
 s - a wand of flame (20)
Scrolls
 e - 2 scrolls of identify {unknown}
 f - 2 scrolls of remove curse {@r2}
 m - a scroll of enchant weapon
 t - a scroll of teleportation {@r3}
Potions
 d - 3 potions of might {@q3}
 h - 3 potions of curing {unknown}
 i - a potion of stabbing {unknown}
Books
 r - a manual of Throwing


   Skills:
 - Level 2.6 Fighting
 + Level 10.3 Axes
 - Level 3.2 Armour
 - Level 3.2 Shields


You had 7 spell levels left.
You didn't know any spells.
Your spell library was empty.

Dungeon Overview and Level Annotations

Branches:
Dungeon (6/15)
 Temple: D:4-7

Altars:


Innate Abilities, Weirdness & Mutations

You are resistant to damage.
You can heal yourself by infusing magical energy.
You passively map a small area around you.
You do not regenerate.


Message History

You kill the jackal!
The jackal bites you but does no damage. x2
You slash the jackal!
You kill the jackal!
You barely miss something.
Something hits you but does no damage. x2
You slash something! Something hits you but does no damage.
You hear some strange, mumbled words.
A puff of flame appears from out of thin air!
The puff of flame hits you! You block the black bear's attack.
The black bear claws you but does no damage. x2
You see here a jackal corpse.
Your shield and plate armour prevent you from hitting the black bear.
You hit something. You block something's attack.
The black bear bites you but does no damage.
The black bear barely misses you. The black bear claws you.
You slash the black bear!
The black bear is heavily wounded.
You closely miss something. You block something's attack.
You hear some strange, mumbled words.
A magic dart appears from out of thin air!
The magic dart hits you.
The black bear bites you but does no damage.
The black bear completely misses you.
The black bear claws you but does no damage.
You hit the black bear.
The black bear is heavily wounded.
You miss something. Something hits you but does no damage.
The black bear bites you but does no damage.
The black bear claws you but does no damage. x2
Something hits you.
You hit the black bear.
The black bear is heavily wounded.
You closely miss something. Something hits you but does no damage.
The black bear barely misses you.
The black bear claws you but does no damage.
The black bear barely misses you. Something hits you but does no damage.
You hit the black bear.
The black bear is severely wounded.
You hit something.
Reactivating autopickup.
You feel a bit more experienced.
The black bear bites you but does no damage.
The black bear claws you but does no damage. x2
You slash the black bear!
The black bear is almost dead.
You hit the orc.
The black bear bites you but does no damage.
You block the black bear's attack.
The black bear claws you but does no damage.
You block the orc's attack.
You slash the black bear!
You kill the black bear!
Your Axes skill increases to level 10!
You closely miss the orc. The orc hits you with a +0 mace.
You hit the orc.
You kill the orc!
The centaur skeleton hits you but does no damage.
You hit the centaur skeleton.
The centaur skeleton is lightly damaged.
You block the centaur skeleton's attack.
You slash the centaur skeleton!
The centaur skeleton is heavily damaged.
The centaur skeleton hits you but does no damage.
You slash the centaur skeleton!
You destroy the centaur skeleton!
You have reached level 8!
You feel clever.
Found a twisted iron ring.
t - a scroll of teleportation {@r3} An orc comes into view.
The orc shouts!
You see here a twisted iron ring.
You're wearing all the rings you can.
Remove which one? (? for menu, Esc to cancel) < or
n - a ring of protection from cold; > or
o - a ring of wizardry You remove your ring of wizardry.
Oops, that ring feels deathly cold.
u - a cursed ring of flight (right hand)
You slash the orc!
You kill the orc!
You see here an orc corpse.
Found 5 arrows.
There is a stone staircase leading up here.
You climb upwards.
Found 23 arrows.
There is a stone staircase leading down here.
You climb downwards.
There is a stone staircase leading up here.
Autopickup is now off.
Autopickup is now on.
f - 2 scrolls of remove curse {@r2} (gained 1)
Okay, then.
Autopickup is now off.
Autopickup is now on.
Found a mace.
You see here 5 arrows.
Found an emerald potion.
h - 3 emerald potions (gained 1)
Found a club.
Are you sure you want to abandon this character and quit the game? (Confirm with "yes".)

........#.####<#.# .#
* ...####..<# #.#..
,o
...#####.#####.#...
..,,
............).......
#., ,
...##.##.###.....####
#.* *
......##(###......#
##.(####..........#
,* , #..# ###
#.$....# , ##..#
#....@.####* ....#
###.......# ###.#
####.##..... #.#
###########.# ##.# *
#.# #...........# ,
#.# #.########### **
#.# #.# * #.###.#
#.....# * ,


There were no monsters in sight!

Vanquished Creatures
  The ghost of EnegeticOcto the Chopper, an amateur DDFi (D:4)
  A black bear (D:6)
  An ogre (D:5)
  A bullfrog (D:6)
  2 scorpions
  A howler monkey (D:5)
  A jelly (D:6)
  A centaur skeleton (D:6)
  A gnoll shaman (D:4)
  Natasha (twice) (D:2)
  An iguana (D:6)
  3 orc wizards (D:6)
  2 worker ants
  6 gnolls
  2 white imps
  2 worms
  2 leopard geckos
  4 orcs (D:6)
  A ball python (D:2)
  2 bats
  3 goblins
  3 hobgoblins (D:2)
  7 jackals
  5 frilled lizards
  A kobold (D:2)
  A rat (D:2)
57 creatures vanquished.

Vanquished Creatures (others)
  A plant (D:4)
1 creature vanquished.

Grand Total: 58 creatures vanquished

Notes
Turn   | Place    | Note
-------+----------+-------------------------------------------
     0 | D:1      | EnegeticOcto the Deep Dwarf Fighter began the quest for the
                  | Orb.
     0 | D:1      | Reached XP level 1. HP: 20/20 MP: 1/1
    37 | D:2      | Noticed Natasha
    48 | D:2      | HP: 1/20 [Natasha/magic dart (6)]
    52 | D:2      | Reached skill level 3 in Axes
    52 | D:2      | Reached XP level 2. HP: 21/27 MP: 2/2
    60 | D:2      | Killed Natasha
    60 | D:2      | Reached skill level 4 in Axes
    60 | D:2      | Reached XP level 3. HP: 27/33 MP: 3/3
   143 | D:2      | Noticed Natasha
   157 | D:2      | Killed Natasha
   157 | D:2      | Reached skill level 5 in Axes
   157 | D:2      | Reached XP level 4. HP: 18/40 MP: 4/4
   253 | D:4      | Reached XP level 5. HP: 44/46 MP: 4/4
   306 | D:4      | Reached skill level 6 in Axes
   435 | D:4      | Found a transporter.
   458 | D:4      | Noticed EnegeticOcto's ghost (amateur DDFi)
   459 | D:4      | Found a transporter.
   473 | D:4      | Killed EnegeticOcto's ghost
   473 | D:4      | Reached skill level 8 in Axes
   473 | D:4      | Reached XP level 6. HP: 52/55 MP: 5/5
   550 | D:5      | Entered Level 5 of the Dungeon
   564 | D:5      | Reached XP level 7. HP: 46/61 MP: 6/6
   698 | D:6      | Reached skill level 9 in Axes
   817 | D:6      | Reached skill level 10 in Axes
   821 | D:6      | Reached XP level 8. HP: 51/68 MP: 7/7
   899 | D:6      | Quit the game

Illustrated notes

Levels and vault maps discovered:
D:1:      dpeg_arrival_connections, layout_rooms, kennysheep_pointless_box,
          kennysheep_small_spiral
D:2:      layout_rooms, uniq_natasha
D:3:      layout_basic, gup_sewer_entry_bowl, uniq_terence
D:4:      layout_loops_ring, gammafunk_ghost_gnarly_gnolls,
          hangedman_decor_clover_reticule
D:5:      layout_basic, minmay_puff
D:6:      layout_loops_ring

Skill      XL: |  1  2  3  4  5  6  7 |
---------------+----------------------+-----
Axes           | 3 4 5 8 10 | 10.3
Fighting       | |  2.6
Armour         | |  3.2
Shields        | |  3.2

Action                   |  1- 3 |  4- 6 |  7- 9 || total
-------------------------+-------+-------+-------++-------
Melee: War axe           |    47 |    58 |    86 ||   191
 Abil: Heal Wounds       |     5 |     4 |     2 ||    11
Evoke: Wand              |       |     4 |       ||     4
  Use: Scroll            |     2 |     2 |     1 ||     5
Armor: Scale mail        |    40 |     6 |       ||    46
       Plate armour      |       |    31 |    76 ||   107
Dodge: Dodged            |    48 |    12 |    18 ||    78
Block: Kite shield       |    51 |    27 |    50 ||   128

Table legend: (Time is in decaauts)
 A = Elapsed time spent in this place.
 B = Non-inter-level travel time spent in this place.
 C = Inter-level travel time spent in this place.
 D = Time resting spent in this place.
 E = Time spent auto-exploring this place.
 F = Levels seen in this place.
 G = Mean time per level.
                   A        B        C        D        E       F      G
               +--------+--------+--------+--------+--------+-----+--------+
         Total |    955 |    934 |     21 |      0 |      0 |   6 |  159.2 |
       Dungeon |    955 |    934 |     21 |      0 |      0 |   6 |  159.2 |
               +--------+--------+--------+--------+--------+-----+--------+

Top non-repeatable levels by time:
     D:4: 304 daAuts
     D:6: 225 daAuts
     D:2: 213 daAuts
     D:5: 143 daAuts
     D:3: 62 daAuts
     D:1: 5 daAuts
